 Dungeon Crawl Stone Soup version 0.20.1-1-g8b1a95d (webtiles) character file.

57 RedSatellite the Charmwright (level 4, -1/33 HPs)
             Began as a Merfolk Skald on Nov 10, 2017.
             Slain by a worm (12 damage)
             ... on level 2 of the Dungeon.
             The game lasted 00:12:13 (1298 turns).

RedSatellite the Charmwright (Merfolk Skald)        Turns: 1298, Time: 00:12:13

Health: -1/33      AC:  3    Str: 11    XL:     4   Next: 0%
Magic:  3/7        EV: 12    Int: 13    God:
Gold:   36         SH:  0    Dex: 13    Spells: 6/7 levels left

rFire    . . .     SeeInvis .   a - +0 falchion
rCold    . . .     Gourm    .   (no shield)
rNeg     . . .     Faith    .   b - +0 leather armour
rPois    .         Spirit   .   (no helmet)
rElec    .         Reflect  .   (no cloak)
rCorr    .         Harm     +   (no gloves)
MR       .....                  (no boots)
Stlth    +.........             l - amulet of harm
Regen    0.2/turn               (no ring)
MPRegen  0.1/turn               (no ring)

@: infused
A: change form in water, swift swim, stealthy swim
a: no special abilities


You were on level 2 of the Dungeon.
You were hungry.

You visited 1 branch of the dungeon, and saw 2 of its levels.

You collected 36 gold pieces.

Inventory:

Hand Weapons
 a - a +0 falchion (weapon)
 j - a cursed -2 short sword
Armour
 b - a +0 leather armour (worn)
Jewellery
 l - an amulet of harm (around neck)
 q - a +4 ring of dexterity {unknown}
Scrolls
 e - 2 scrolls of immolation {unknown}
 m - a scroll of amnesia {unknown}
 n - a scroll of enchant armour {unknown}
 o - a scroll of identify {unknown}
Potions
 f - a potion of mutation {unknown}
 g - 2 potions of might {unknown}
 k - a potion of flight {unknown}
Books
 c - a book of Battle

   Spells                             Type                      Level
   a - Infusion                       Charms                       1
   b - Shroud of Golubria             Charms/Translocation         2
   c - Song of Slaying                Charms                       2
   d - Spectral Weapon                Hexes/Charms                 3
   e - Regeneration                   Charms/Necromancy            3
Comestibles
 d - 2 bread rations
 h - a fruit
 i - a royal jelly
 p - 9 chunks of flesh


   Skills:
 - Level 2.1 Fighting
 * Level 3.4 Long Blades
 - Level 0.6 Armour
 - Level 2.8 Dodging
 - Level 2.0 Spellcasting
 * Level 4.3 Charms


You had 6 spell levels left.
You knew the following spells:

 Your Spells              Type           Power        Failure   Level  Hunger
a - Infusion              Chrm           ##..         5%          1    ##.....


Dungeon Overview and Level Annotations

Branches:
Dungeon (2/15)

Altars:


Message History

The worm bites you.
Casting: Infusion
Confirm with . or Enter, or press ? or * to list all spells.
You begin infusing your attacks with magical energy.
You hit the worm!
The worm is heavily wounded.
The worm bites you but does no damage.
You hit the worm.
The worm is almost dead.
The worm bites you.
You are too injured to fight recklessly!
You are too injured to fight recklessly!
You are too injured to fight recklessly!
You are too injured to fight recklessly!
You completely miss the worm.
The worm is severely wounded.
You hit the worm.
The worm is almost dead.
The worm bites you!
You die...

.... #. #....... ...
#. #....... .>.
#.##....... #.#
#.##....... #.#
#.#####.#.. ####.####
#.#####.##.
#.......###.##..).###
##.w.##..)#....####
##.@.w......####
##.###..<.....# #
#..###.##..##..###.
#.......#....(.....
######..#.#####..).
## #...#.# #>.#
#..#.#.#.# #..#
#..#.#.#.######..#
#....÷......w.†...


You could see 2 worms.

Vanquished Creatures
  3 adders (D:2)
  A dart slug (D:1)
  A leopard gecko (D:2)
  A ball python (D:2)
  3 giant cockroaches
  2 goblins (D:1)
  2 hobgoblins
  2 jackals (D:2)
  3 bats (D:2)
  4 frilled lizards
  2 kobolds
  4 rats
28 creatures vanquished.

Notes
Turn   | Place    | Note
-------+----------+-------------------------------------------
     0 | D:1      | RedSatellite the Merfolk Skald began the quest for the Orb.
     0 | D:1      | Reached XP level 1. HP: 16/16 MP: 3/3
   382 | D:1      | Reached XP level 2. HP: 16/22 MP: 5/5
  1063 | D:2      | Reached XP level 3. HP: 27/27 MP: 3/6
  1169 | D:2      | Reached skill level 4 in Charms
  1293 | D:2      | Reached XP level 4. HP: 18/33 MP: 7/7
  1298 | D:2      | Slain by a worm

Skill      XL: |  1  2  3 |
---------------+----------+-----
Long Blades    | 3 |  3.4
Charms         | 4 |  4.3
Fighting       | |  2.1
Armour         | |  0.6
Dodging        | |  2.8
Spellcasting   | |  2.0

Action                   |  1- 3 |  4- 6 || total
-------------------------+-------+-------++-------
Melee: Falchion          |    87 |     4 ||    91
 Cast: Infusion          |     6 |     1 ||     7
  Eat: Chunk             |     1 |       ||     1
Armor: Leather armour    |    26 |     1 ||    27
Dodge: Dodged            |    79 |       ||    79
       Rpst.: Falchion   |    23 |       ||    23
